AoeStats
← 文風

Socotra

506731721Analyzed
2v2 RM · 18d ago on Sep 14, 2026· 25m 11s· 4 players
Game mode
Random Map
Map size
Tiny (2 player)
Population
200
Speed
Normal
Resources
Standard
Victory
Conquest
Starting age
Dark Age
Ending age
Imperial Age
RankedLock teamsTeams togetherTeam positionsShared explorationLock speedFull tech treeHidden civsTurbo modeCheats
Victory
Defeat
🇺🇸 Inca · United States
1357
+19
🇺🇸 Slavs · United States
1344
+19
🇹🇷 Bohemians · Türkiye
1427
-19
🇭🇰 Poles · Hong Kong SAR China
1406
-19
RebellionFire
0:59 Loom
9:51 Feudal Age
13:17 Double-Bit Axe
15:33 Fletching
25:44 Castle Age
文風
4:15 Loom
9:28 Feudal Age
17:17 Double-Bit Axe
20:02 Fletching
23:14 Castle Age
jube
6:04 Loom
9:05 Feudal Age
9:47 Double-Bit Axe
10:29 Horse Collar
14:50 Scale Barding Armor
16:16 Forging
17:25 Wheelbarrow
19:07 Bloodlines
24:22 Fletching
Malarkey
6:13 Loom
7:27 Loom
10:05 Feudal Age
17:38 Champi Runner
Connection lost

Rejoining the realm…

Still unreachable

The connection could not be restored.

Session expired

The server has moved on; the page needs a fresh start.